 Dungeon Crawl Stone Soup version 0.28.0 (webtiles) character file.

Game seed: 8969061266539737225

1675 Torus the Grappler (level 9, -3/72 HPs)
             Began as a Ghoul Chaos Knight on Feb 12, 2022.
             Was a Plaything of Xom.
             Slain by a bullfrog (5 damage)
             ... on level 6 of the Dungeon.
             The game lasted 00:14:47 (5340 turns).

Torus the Grappler (Ghoul Chaos Knight)             Turns: 5340, Time: 00:14:48

Health: -3/72      AC:  6    Str: 20    XL:     9   Next: 1%
Magic:  8/8        EV: 10    Int:  7    God:    Xom [......]
Gold:   240        SH:  5    Dex:  8    Spells: 8/8 levels left

rFire   + . .      SeeInvis .     - Unarmed
rCold   + + .      Faith    .   (no shield)
rNeg    + + +      Spirit   .   v - +0 ring mail {rF+}
rPois   ∞          Reflect  +   (no helmet)
rElec   .          Harm     .   (no cloak)
rCorr   .          Rampage  .   (no gloves)
Will    +....                   d - +0 pair of boots
Stlth   ..........              f - amulet of reflection
HPRegen 0.00/turn               q - ring of willpower
MPRegen 0.11/turn               t - ring of protection from cold

@: inhibited regen
A: claws 1, cold resistance 1, negative energy resistance 3, inhibited
regeneration, torment resistance 2
a: Renounce Religion


You were on level 6 of the Dungeon.
You worshipped Xom.
You were a very special plaything of Xom.
You visited 1 branch of the dungeon, and saw 6 of its levels.

You collected 240 gold pieces.

Inventory:

Missiles
 b - 221 stones (quivered)
 c - 25 poisoned darts
 e - 69 arrows
 g - 3 curare-tipped darts
 n - 15 bolts
 p - 58 sling bullets
 r - 4 boomerangs
 w - 2 throwing nets
Armour
 a - a +3 leather armour
 d - a +0 pair of boots (worn)
 m - a +0 pair of gloves
 v - a +0 ring mail of fire resistance (worn)
Jewellery
 f - an amulet of reflection (around neck)
 q - a ring of willpower (left claw)
 t - a ring of protection from cold (right claw)
 u - a ring of ice
 y - a ring of wizardry
Wands
 h - a wand of iceblast (4)
 l - a wand of polymorph (7)
 A - a wand of mindburst (8)
Scrolls
 i - a scroll of silence
 k - a scroll of magic mapping
 o - a scroll of fog
 x - 6 scrolls of teleportation
Potions
 j - 6 potions of curing
 s - a potion of invisibility
 z - a potion of ambrosia {unknown}


   Skills:
 + Level 4.3 Fighting
 + Level 2.1 Throwing
 - Level 1.7 Armour
 - Level 0.8 Dodging
 * Level 11.8 Unarmed Combat


You had 8 spell levels left.
You didn't know any spells.
Your spell library contained the following spells:

 Spells                   Type           Power      Damage    Failure   Level
 Gell's Gravitas          Tloc           0%         N/A       93%         3
 Lesser Beckoning         Tloc           0%         N/A       93%         3
 Teleport Other           Tloc           0%         N/A       93%         3


Dungeon Overview and Level Annotations

Branches:
Dungeon (6/15)             Temple (0/1) D:5

Altars:
Fedhas
Hepliaklqana
Trog
Uskayaw
The Shining One

Shops:
D:5 [

Annotations:
D:5 exclusion: oklob plant


Innate Abilities, Weirdness & Mutations

You thrive by killing the living.
You are immune to poison.
You have sharp fingernails.
Your flesh is cold resistant. (rC+)
You are immune to negative energy. (rN+++)
You do not regenerate when monsters are visible.
You are immune to unholy pain and torment.


Message History

Throw: 222 stones
Press: ? - help, Q - select action, (/) - cycle Shift-Dir - straight line, f - bullfrog
Aim: a bullfrog (wandering, hasn't noticed you, 50% to hit)
You throw a stone. The stone misses the bullfrog.
The bullfrog gives a loud, deep croak!
Xom decides to rearrange the pieces.
You swap places with the bullfrog.
An ufetubus comes into view.
You are now a very special plaything of Xom.
The ufetubus shouts!
You see here 5 gold pieces.
The bullfrog completely misses you. The bullfrog barely misses you.
The ufetubus hits you. You block the ufetubus's attack.
You see here a stone.
You scratch the bullfrog.
The bullfrog is lightly wounded.
The bullfrog hits you. The ufetubus misses you.
You block the ufetubus's attack.
You scratch the bullfrog.
The bullfrog is moderately wounded.
The bullfrog misses you. You block the ufetubus's attack.
The ufetubus hits you but does no damage.
You closely miss the bullfrog.
The bullfrog is moderately wounded.
The bullfrog hits you! You block the ufetubus's attack.
The ufetubus closely misses you.
You scratch the bullfrog.
The bullfrog is heavily wounded.
The bullfrog hits you. The ufetubus hits you. You block the ufetubus's attack.
You miss the bullfrog. You claw the bullfrog.
The bullfrog is severely wounded.
The bullfrog misses you.
The ufetubus hits you but does no damage.
The ufetubus hits you.
Xom is highly amused!
You scratch the bullfrog. Your claw misses the bullfrog.
The bullfrog is severely wounded.
The bullfrog hits you.
The ufetubus hits you but does no damage.
The ufetubus closely misses you. The bullfrog hits you.
You die... #....###...### #....5@F### #########

You could see a bullfrog and an ufetubus.

Vanquished Creatures
  Sigmund (D:5)
  2 ice beasts
  A sky beast (D:5)
  2 orc warriors
  A black bear (D:5)
  A necrophage (D:4)
  An ogre (D:6)
  A phantom (D:5)
  Blork the orc (D:5)
  A scorpion (D:6)
  A howler monkey (D:5)
  A bullfrog zombie (D:6)
  A jelly (D:4)
  2 hounds
  A gnoll shaman (D:6)
  3 iguanas
  A bullfrog skeleton (D:6)
  A centaur skeleton (D:5)
  2 orc wizards (D:5)
  A killer bee zombie (D:6)
  A howler monkey zombie (D:6)
  6 adders
  2 white imps (D:6)
  3 worms
  9 orcs
  10 endoplasms
  A giant cockroach (D:3)
  4 goblins
  11 hobgoblins
  7 jackals
  9 quokkas
  11 ball pythons
  7 bats
  4 frilled lizards
  10 kobolds
  4 rats
125 creatures vanquished.

Vanquished Creatures (others)
  2 plants (D:2)
2 creatures vanquished.

Grand Total: 127 creatures vanquished

Notes
Turn   | Place    | Note
-------+----------+-------------------------------------------
     0 | D:1      | Torus the Ghoul Chaos Knight began the quest for the Orb.
     0 | D:1      | Reached XP level 1. HP: 19/19 MP: 0/0
   121 | D:1      | Found a faded altar of an unknown god.
   140 | D:1      | Reached XP level 2. HP: 26/26 MP: 1/1
   158 | D:1      | Reached skill level 4 in Unarmed Combat
   653 | D:1      | XOM: silly message
   671 | D:1      | Reached XP level 3. HP: 31/31 MP: 2/2
   968 | D:2      | XOM: silly message
  1006 | D:2      | XOM: scenery: 1 doors open
  1344 | D:2      | XOM: noise
  1369 | D:2      | Reached skill level 5 in Unarmed Combat
  1614 | D:2      | Reached XP level 4. HP: 38/38 MP: 3/3
  2038 | D:3      | XOM is BORED!
  2038 | D:3      | Noticed an ice beast
  2038 | D:3      | XOM: 2-stop teleportation journey
  2042 | D:3      | XOM: cast spell 'Alistair's Intoxication'
  2047 | D:3      | XOM: divination: detect items
  2054 | D:3      | Killed an ice beast
  2055 | D:3      | Reached skill level 6 in Unarmed Combat
  2055 | D:3      | Reached XP level 5. HP: 11/45 MP: 4/4
  2091 | D:3      | XOM: 2-stop teleportation journey
  2759 | D:3      | XOM: 1-stop teleportation journey
  3000 | D:4      | Reached skill level 7 in Unarmed Combat
  3025 | D:4      | Reached XP level 6. HP: 41/51 MP: 5/5
  3084 | D:4      | XOM: 2-stop teleportation journey
  3129 | D:4      | XOM: god gift: scroll labelled ATANIV GOTHUSM {god gift}
  3158 | D:4      | Noticed a necrophage
  3158 | D:4      | Noticed an orc warrior
  3172 | D:4      | Killed an orc warrior
  3173 | D:4      | Reached skill level 8 in Unarmed Combat
  3178 | D:4      | Killed a necrophage
  3179 | D:4      | Reached XP level 7. HP: 55/57 MP: 6/6
  3244 | D:4      | XOM: destruction
  3400 | D:4      | Found a bloodstained altar of Trog.
  3423 | D:4      | XOM: god gift: runed ring mail {god gift}
  3623 | D:4      | Found a hide-covered altar of Uskayaw.
  3667 | D:4      | XOM: summons 4 hostile demons
  3668 | D:4      | Noticed a smoke demon
  3717 | D:4      | XOM: 2-stop teleportation journey
  3886 | D:5      | Entered Level 5 of the Dungeon
  3911 | D:5      | XOM: swap monsters
  3913 | D:5      | Reached skill level 9 in Unarmed Combat
  3946 | D:5      | Found a staircase to the Ecumenical Temple.
  4018 | D:5      | Noticed Sigmund
  4023 | D:5      | XOM: enchant monster (good)
  4027 | D:5      | Killed Sigmund
  4072 | D:5      | Reached skill level 10 in Unarmed Combat
  4078 | D:5      | Reached XP level 8. HP: 57/63 MP: 7/7
  4125 | D:5      | Found a hazy altar of Hepliaklqana.
  4179 | D:5      | XOM: enchant monster (bad)
  4181 | D:5      | XOM: swap monsters
  4189 | D:5      | XOM: swap monsters
  4393 | D:5      | Found a blossoming altar of Fedhas.
  4413 | D:5      | Noticed an oklob plant
  4491 | D:5      | Found Xixuig Juy's Armour Shoppe.
  4550 | D:5      | Noticed Blork the orc
  4565 | D:5      | Killed Blork the orc
  4566 | D:5      | Reached skill level 11 in Unarmed Combat
  5111 | D:6      | XOM: noise
  5268 | D:6      | XOM: polymorph bullfrog -> ogre
  5275 | D:6      | Reached skill level 1 in Throwing
  5318 | D:6      | Reached XP level 9. HP: 17/72 MP: 8/8
  5332 | D:6      | XOM: swap monsters
  5339 | D:6      | HP: 3/72 [ufetubus (4)]
  5340 | D:6      | Slain by a bullfrog

Illustrated notes

Levels and vault maps discovered:
D:1:      lightli_arrival_statue_moat, layout_basic,
          hellmonk_ecumenical_altar_zigzags
D:2:      cheibrodos_old_hovel, layout_basic, minmay_circle_x
D:3:      layout_loops_ring, minmay_snake_closets
D:4:      layout_basic, trog_hazing_becter, nicolae_uskayaw_suspiria,
          grunt_ministairs_10
D:5:      layout_cave_pods, tso_oasis_becter, mainiacjoe_overflow_alcove_1,
          tgw_fedhas, temple_doors_e, serial_shops,
          nicolae_shop_advertising_works [nicolae_subvault_shop_adworks],
          uniq_blork_the_orc, uniq_sigmund
D:6:      layout_basic, marbit_many_paths, nzn_random_ring

Skill      XL: |  1  2  3  4  5  6  7  8 |
---------------+-------------------------+-----
Unarmed Combat | 4 5 6 7 8 10 11 | 11.8
Throwing       | 2 |  2.1
Fighting       | 4 |  4.3
Armour         | |  1.7
Dodging        | |  0.8

Action                   |  1- 3 |  4- 6 |  7- 9 || total
-------------------------+-------+-------+-------++-------
Melee: Unarmed           |   107 |    93 |   169 ||   369
       Punch             |     2 |     2 |    12 ||    16
Throw: Stone             |    82 |    21 |    38 ||   141
       Dart              |     3 |       |    13 ||    16
Evoke: Wand              |       |     2 |       ||     2
  Use: Scroll            |     2 |     9 |     3 ||    14
       Potion            |       |     1 |       ||     1
 Stab: Paralysed         |       |       |     2 ||     2
Armor: Leather armour    |    66 |    36 |    17 ||   119
       Ring mail         |       |       |    28 ||    28
Dodge: Dodged            |    96 |    42 |    63 ||   201
Block: Other             |       |     3 |    31 ||    34
       Reflection        |       |       |     4 ||     4
